 Dungeon Crawl Stone Soup version 0.17-a0-530-gbe3d13a (webtiles) character file.

609 karlm the Firebug (level 7, -1/55 HPs)
             Began as a Naga Wizard on Apr 12, 2015.
             Slain by Edmund
             ... wielding a +1 flail of draining
              (19 damage)
             ... on level 5 of the Dungeon.
             The game lasted 00:18:06 (5632 turns).

karlm the Firebug (Naga Wizard)                     Turns: 5632, Time: 00:18:06

Health: -1/55      AC:  3    Str:  7    XL:     7   Next: 43%
Magic:  4/11       EV:  9    Int: 18    God:
Gold:   223        SH:  0    Dex: 15    Spells: 5 memorised, 1 level left

rFire  + . .     SeeInvis +     g - +2 trident of Indomitability {freeze, rPois rF+ Str-3 Int-2} (curse)
rCold  . . .     Clarity  .     a - +0 robe
rNeg   . . .     SustAb   .     (no shield)
rPois  +         Gourm    .     b - +0 hat
rElec  .         Spirit   .     (no cloak)
rCorr  .         Warding  .     (no gloves)
rMut   .         Stasis   .     (no barding)
MR     .....                    e - amulet of regeneration
Stlth  ++........               y - +6 ring of dexterity
                                D - ring of flight

@: very slightly contaminated, heavily drained, very slow, not resistant to
hostile enchantments, unstealthy
A: see invisible, deformed body, poison resistance, slowness 2, spit poison 2,
AC +2
a: Spit Poison, Evoke Flight


You were on level 5 of the Dungeon.
You were not hungry.

You visited 1 branch of the dungeon, and saw 5 of its levels.

You collected 223 gold pieces.

Inventory:

Hand weapons
 g - the cursed +2 trident of Indomitability (weapon) {freeze, rPois rF+ Str-3 Int-2}
   (You found it on level 4 of the Dungeon)

   It has been specially enchanted to freeze those struck by it, causing extra
   injury to most foes and up to half again as much damage against particularly
   susceptible opponents.
   It can also slow down cold-blooded creatures.
   It affects your strength (-3).
   It affects your intelligence (-2).
   It protects you from fire.
   It protects you from poison.
   It has a curse placed upon it.
 o - a +0 spear
 w - a +1 short sword of protection
Missiles
 h - 130 stones (quivered)
 k - 3 tomahawks
 n - 13 poisoned needles
Armour
 a - a +0 robe (worn)
 b - a +0 hat (worn)
Jewellery
 e - an amulet of regeneration (around neck)
 y - a +6 ring of dexterity (right hand)
 D - a ring of flight (left hand)
Magical devices
 E - a wand of slowing (27)
Scrolls
 f - 4 scrolls of identify
 q - 2 scrolls of fog
 t - 2 scrolls of enchant armour
 B - 2 scrolls of blinking
Potions
 i - a potion of mutation {unknown}
 l - 4 potions of curing
 m - 2 potions of ambrosia
 r - 3 potions of brilliance {unknown}
 s - a potion of cure mutation {unknown}
 u - a potion of lignification {unknown}
 v - 2 potions of restore abilities {unknown}
 z - a potion of agility {unknown}
 C - a potion of berserk rage {unknown}
Books
 c - a book of Minor Magic

   Spells                             Type                      Level
   a - Magic Dart                     Conjuration                  1
   b - Blink                          Translocation                2
   c - Call Imp                       Summoning                    2
   d - Repel Missiles                 Charms/Air                   2
   e - Slow                           Hexes                        2
   f - Conjure Flame                  Conjuration/Fire             3
   g - Mephitic Cloud                 Conjuration/Poison/Air       3
Comestibles
 d - 3 bread rations
 j - 6 meat rations
 p - a slice of pizza
 x - a beef jerky
 A - 3 fruits


   Skills:
 - Level 1.5(0.1) Dodging
 - Level 3.0(1.5) Stealth
 - Level 3.0(1.5) Spellcasting
 + Level 5.0(3.4) Conjurations
 - Level 1.0(0.0) Summonings
 - Level 1.0(0.0) Translocations
 * Level 5.8(4.2) Fire Magic


You had one spell level left.
You knew the following spells:

 Your Spells              Type           Power        Failure   Level  Hunger
a - Magic Dart            Conj           ##..         6%          1    ##.....
b - Call Imp              Summ           #.......     34%         2    ###....
c - Conjure Flame         Conj/Fire      ###.....     14%         3    ####...
d - Mephitic Cloud        Conj/Pois/Air  #.......     34%         3    ####...
e - Blink                 Tloc           N/A          34%         2    ###....


Dungeon Overview and Level Annotations

Branches:
Dungeon (5/15)
 Temple: D:4-7

Altars:
Cheibriados
Okawaru
Sif Muna
Xom
Zin

Annotations:
D:5 Edmund


Innate Abilities, Weirdness & Mutations

You cannot wear boots.
Your serpentine skin is tough (AC +2).
You have supernaturally acute eyesight.
Armour fits poorly on your strangely shaped body.
Your system is resistant to poisons.
You cover ground very slowly.
You can spit poison.


Message History

You feel drained.
Casting: Conjure Flame
Confirm with . or Enter, or press ? or * to list all spells.
Aiming: Magic Dart
Press: ? - help, Shift-Dir - straight line, f/p - Edmund
Aim: Edmund, wielding a flail of draining and wearing a shiny ring mail (flame, severely wounded, unusually strong)
Okay, then.
Casting: Magic Dart
Confirm with . or Enter, or press ? or * to list all spells.
A beastly little devil appears in a puff of flame.
Edmund is engulfed in roaring flames.
Edmund hits you with a flail of draining!
You feel drained.
Casting: Call Imp
Confirm with . or Enter, or press ? or * to list all spells.
You miscast Call Imp.
You are very lightly contaminated with residual magic.
The world appears momentarily distorted.
Edmund hits you with a flail of draining!!
You die...

.........# . #.........
.........# #.. +.........
#'######+## #....#...###+##
....#.....+#######.....#####
....'.....#......#.....##
.>..#.....#......#.......
....##....#>.....#.......
....##....#....5.#.....#
..........#.....@@.....#
##+##
..........#......#........
#....
..........#......#.....##
#....
..........'......#.....#
+....
..........#.>....+.....+
#....
..........#......#.....#
#....
....###...#......#.....
##### +### #####......####+
#......#


You could see Edmund and a friendly crimson imp.

Vanquished Creatures
  A hungry ghost (D:3)
  An ice beast (D:3)
  A sky beast (D:5)
  A phantom (D:4)
  A scorpion (D:5)
  3 worker ants (D:4)
  2 adders
  A gnoll (D:3)
  A shadow imp (D:3)
  A giant gecko (D:1)
  An ooze (D:3)
  4 orcs (D:3)
  2 ball pythons (D:2)
  17 bats
  A bat skeleton (D:4)
  3 giant cockroaches
  12 goblins
  13 hobgoblins
  3 jackals (D:4)
  7 kobolds
  5 giant newts
  3 quokkas
  13 rats
97 creatures vanquished.

Vanquished Creatures (collateral kills)
  2 worker ants (D:4)
  2 adders
  3 worms (D:2)
  A giant gecko (D:2)
  4 orcs
  2 goblins (D:3)
  4 hobgoblins
  A jackal (D:4)
  5 kobolds
  A quokka skeleton (D:4)
  A rat (D:3)
26 creatures vanquished.

Vanquished Creatures (others)
  3 shadow imps
3 creatures vanquished.

Grand Total: 126 creatures vanquished

Notes
Turn   | Place    | Note
--------------------------------------------------------------
     0 | D:1      | karlm, the Naga Wizard, began the quest for the Orb.
     0 | D:1      | Reached XP level 1. HP: 15/15 MP: 4/4
   202 | D:1      | Reached XP level 2. HP: 20/22 MP: 3/6
   206 | D:1      | Learned a level 2 spell: Call Imp
   986 | D:1      | Reached XP level 3. HP: 28/28 MP: 7/7
   991 | D:1      | Learned a level 3 spell: Conjure Flame
  1470 | D:2      | Reached skill level 1 in Fire Magic
  2002 | D:2      | Reached XP level 4. HP: 36/36 MP: 2/8
  2313 | D:3      | Noticed an ice beast
  3237 | D:3      | Killed an ice beast
  3237 | D:3      | Reached XP level 5. HP: 37/42 MP: 0/9
  4002 | D:3      | Found a shimmering altar of Xom.
  4003 | D:3      | Noticed an angel
  4005 | D:3      | Found a glowing silver altar of Zin.
  4172 | D:3      | Found an iron altar of Okawaru.
  4432 | D:4      | Reached XP level 6. HP: 49/49 MP: 8/10
  4437 | D:4      | Learned a level 3 spell: Mephitic Cloud
  4440 | D:4      | Learned a level 2 spell: Blink
  4463 | D:4      | Reached skill level 4 in Fire Magic
  4533 | D:4      | Found a deep blue altar of Sif Muna.
  4612 | D:4      | Noticed a hungry ghost
  4661 | D:3      | Killed a hungry ghost
  4811 | D:4      | Got a shimmering trident
  4812 | D:4      | Identified the cursed +2 trident of Indomitability {freeze, rPois rF+ Str-3 Int-2} (You found it on level 4 of the Dungeon)
  4884 | D:4      | Found a snail-covered altar of Cheibriados.
  5115 | D:4      | Reached skill level 5 in Fire Magic
  5115 | D:4      | Reached XP level 7. HP: 38/55 MP: 2/11
  5343 | D:5      | Entered Level 5 of the Dungeon
  5528 | D:5      | Reached skill level 5 in Conjurations
  5570 | D:5      | Noticed a moth of wrath
  5617 | D:5      | Noticed Edmund
  5632 | D:5      | Slain by Edmund

Action                   |  1- 3 |  4- 6 |  7- 9 || total
-------------------------+-------+-------+-------++-------
Melee: Mace              |    18 |       |       ||    18
       Spear             |    21 |       |       ||    21
       Short sword       |     1 |    74 |       ||    75
       Trident           |       |    17 |    20 ||    37
 Cast: Magic Dart        |    36 |   111 |     4 ||   151
       Call Imp          |    10 |    46 |    12 ||    68
       Conjure Flame     |       |       |     1 ||     1
 Abil: Spit Poison       |    16 |    10 |       ||    26
  Use: Scroll            |       |     7 |     1 ||     8
 Stab: Sleeping          |     1 |       |       ||     1
       Distracted        |       |     2 |     1 ||     3
  Eat: Chunk             |     4 |    16 |     3 ||    23
       Fruit             |       |     1 |       ||     1
